 Dungeon Crawl Stone Soup version 0.17-a0-1373-g64d4c99 (webtiles) character file.

1052 xgamer67 the Sneak (level 8, -7/46 HPs)
             Began as an Octopode Wizard on June 13, 2015.
             Was a Follower of Sif Muna.
             Mangled by a killer bee (8 damage)
             ... on level 7 of the Dungeon.
             The game lasted 00:31:10 (8131 turns).

xgamer67 the Sneak (Octopode Wizard)                Turns: 8131, Time: 00:31:11

Health: -7/46      AC:  2    Str:  6    XL:     8   Next: 26%
Magic:  14/14      EV: 12    Int: 22    God:    Sif Muna [*.....]
Gold:   348        SH:  0    Dex: 13    Spells: 6 memorised, 2 levels left

rFire  . . .     SeeInvis +     i - +1 dagger (flame)
rCold  + + .     Clarity  .     D - +0 buckler
rNeg   . . .     SustAt   .     a - +0 hat
rPois  .         Gourm    .     E - amulet of resist mutation
rElec  .         Spirit   .     k - +1 ring of protection
rCorr  .         Warding  .     n - ring of stealth
rMut   +         Stasis   .     y - ring of Eziut {+Fly rC+ SInv}
MR     .....                    (no ring)
Stlth  +++.......               (no ring)
                                (no ring)
                                (no ring)
                                (no ring)

@: confused, lethally poisoned (-7 -> -31), not resistant to hostile
enchantments, fairly stealthy
A: almost no armour, amphibious, 8 rings, constrict 8, camouflage 1, agile 1,
cold resistance 1, gelatinous body 1
a: Channel Energy, Renounce Religion, Evoke Flight


You were on level 7 of the Dungeon.
You worshipped Sif Muna.
Sif Muna was aware of your devotion.
You were not hungry.

You visited 1 branch of the dungeon, and saw 7 of its levels.

You collected 348 gold pieces.

Inventory:

Hand weapons
 i - a +1 dagger of flaming (weapon)
 m - a +0 blowgun
 q - a cursed -1 dagger
Missiles
 p - 2 curare-tipped needles
 w - 8 poisoned javelins (quivered)
Armour
 a - a +0 hat (worn)
 D - a +0 buckler (worn)
Jewellery
 k - a +1 ring of protection (left tentacle)
 n - a ring of stealth (right tentacle)
 y - the ring of Eziut (on tentacle) {+Fly rC+ SInv}
   (You found it on level 4 of the Dungeon)

   [ring of flight]

   It protects you from cold.
   It lets you see invisible.
   It lets you fly.
 E - an amulet of resist mutation (around mantle)
Scrolls
 d - 3 scrolls of fog
 e - 3 scrolls of teleportation
 f - a scroll of summoning {unknown}
 g - 3 scrolls of amnesia
 h - a scroll of magic mapping {unknown}
 r - a scroll of blinking {unknown}
 v - a scroll of enchant weapon {unknown}
 x - a scroll of remove curse
Potions
 l - a potion of haste
 o - a potion of poison {unknown}
Books
 b - a book of Minor Magic

   Spells                             Type                      Level
   a - Magic Dart                     Conjuration                  1
   b - Blink                          Translocation                2
   c - Call Imp                       Summoning                    2
   d - Repel Missiles                 Charms/Air                   2
   e - Slow                           Hexes                        2
   f - Conjure Flame                  Conjuration/Fire             3
   g - Mephitic Cloud                 Conjuration/Poison/Air       3
 C - a book of Flames

   Spells                             Type                      Level
   a - Flame Tongue                   Conjuration/Fire             1
   b - Throw Flame                    Conjuration/Fire             2
   c - Conjure Flame                  Conjuration/Fire             3
   d - Inner Flame                    Hexes/Fire                   3
   e - Sticky Flame                   Conjuration/Fire             4
   f - Fireball                       Conjuration/Fire             5
Comestibles
 c - 6 bread rations
 j - 2 slices of pizza
 s - 2 meat rations
 t - a chunk of flesh


   Skills:
 - Level 2.0 Dodging
 - Level 6.1 Stealth
 - Level 5.0 Shields
 + Level 4.3 Spellcasting
 - Level 5.1 Conjurations
 - Level 1.0 Summonings
 - Level 1.0 Translocations
 - Level 2.2 Fire Magic


You had 2 spell levels left.
You knew the following spells:

 Your Spells              Type           Power        Failure   Level  Hunger
a - Magic Dart            Conj           ####         1%          1    None
b - Repel Missiles        Chrm/Air       #.....       17%         2    #......
c - Blink                 Tloc           N/A          12%         2    #......
d - Call Imp              Summ           #.......     12%         2    #......
e - Conjure Flame         Conj/Fire      ###.....     10%         3    ##.....
f - Mephitic Cloud        Conj/Pois/Air  ##......     17%         3    ##.....


Dungeon Overview and Level Annotations

Branches:
Dungeon (7/15)             Temple (0/1) D:5

Altars:
Sif Muna
Trog
Vehumet
Yredelemnul

Annotations:
D:6 exclusions: giant frog and skeleton
D:7 exclusion: quasit


Innate Abilities, Weirdness & Mutations

You cannot wear most types of armour.
You are amphibious.
You can wear up to eight rings at the same time.
You can use your tentacles to constrict eight enemies at once.
Your skin changes colour to match your surroundings (Stealth).
Your rubbery body absorbs attacks (AC +1).
You are agile. (Dex +2)
Your flesh is cold resistant.


Message History

You feel sick. The killer bee stings you.
* * * LOW HITPOINT WARNING * * *
You are more poisoned.
The killer bee poisons you! The killer bee stings you!
* * * LOW HITPOINT WARNING * * *
Drink which item? (? for menu, Esc to quit)
You are more confused.
You feel more invigorated.
* * * LOW HITPOINT WARNING * * *
You feel sick. The killer bee stings you.
* * * LOW HITPOINT WARNING * * *
The killer bee stings you but does no damage.
Drink which item? (? for menu, Esc to quit)
You are more confused.
You feel more invigorated.
* * * LOW HITPOINT WARNING * * *
You feel sick. The killer bee stings you.
* * * LOW HITPOINT WARNING * * *
The killer bee stings you!
You die...

#.. #... #..# ..y
###..###.. #.....#.$
#.....# # #.....#
..........# #.#.....##
......... #.......y##
.5..... #........@##
#....$
#..........#####.....#
#.....###............#
#.#...####.##....###..##
. ##..
#..##...###....###
######.###..###...#...##
#...##..####<.###....
##..#...###..###...##
#......##..## #....#


You could see a killer bee.

Vanquished Creatures
  An ogre (D:6)
  The ghost of 4thArraOfDagon the Chucker, an average TrHu (D:3)
  A phantom (D:4)
  A big kobold (D:4)
  A gnoll shaman (D:5)
  A giant frog zombie (D:6)
  An orc priest (D:5)
  7 orc wizards
  A giant frog skeleton (D:5)
  3 worker ants
  A hound zombie (D:6)
  12 gnolls
  6 adders
  2 worms (D:4)
  6 giant geckos
  19 orcs
  7 giant cockroaches
  7 goblins
  17 hobgoblins
  5 jackals (D:3)
  13 bats
  A giant cockroach zombie (D:5)
  A giant gecko skeleton (D:5)
  5 giant newts
  A jackal zombie (D:5)
  28 kobolds
  4 quokkas
  16 rats
169 creatures vanquished.

Vanquished Creatures (others)
  A bat skeleton (D:4)
1 creature vanquished.

Grand Total: 170 creatures vanquished

Notes
Turn   | Place    | Note
--------------------------------------------------------------
     0 | D:1      | xgamer67 the Octopode Wizard began the quest for the Orb.
     0 | D:1      | Reached XP level 1. HP: 11/11 MP: 4/4
   284 | D:1      | Reached XP level 2. HP: 17/17 MP: 1/6
   632 | D:1      | Reached XP level 3. HP: 21/21 MP: 1/7
   636 | D:1      | Learned a level 2 spell: Repel Missiles
   673 | D:1      | Learned a level 2 spell: Blink
   676 | D:1      | Learned a level 2 spell: Call Imp
   708 | D:1      | You fall through a shaft!
   835 | D:2      | Found a faded altar to an unknown god.
  1219 | D:2      | Found a basalt altar of Yredelemnul.
  1265 | D:2      | Found a bloodstained altar of Trog.
  1266 | D:2      | Found a deep blue altar of Sif Muna.
  1293 | D:2      | Became a worshipper of Sif Muna the Loreminder
  1333 | D:2      | Reached skill level 4 in Stealth
  1333 | D:2      | Reached XP level 4. HP: 27/27 MP: 4/8
  2297 | D:3      | Noticed 4thArraOfDagon's ghost (average TrHu)
  2492 | D:3      | Reached XP level 5. HP: 31/31 MP: 9/9
  2536 | D:3      | Reached skill level 5 in Stealth
  2545 | D:3      | Found a radiant altar of Vehumet.
  2767 | D:2      | Learned a level 3 spell: Conjure Flame
  3077 | D:4      | Got a scorched jade ring
  3078 | D:4      | Identified the ring of Eziut {+Fly rC+ SInv} (You found it on level 4 of the Dungeon)
  3357 | D:4      | Reached XP level 6. HP: 22/36 MP: 3/10
  3366 | D:5      | Entered Level 5 of the Dungeon
  3569 | D:4      | Reached skill level 6 in Stealth
  3805 | D:4      | Gained mutation: You are agile. (Dex +2) [potion of beneficial mutation]
  3806 | D:4      | Gained mutation: Your flesh is cold resistant. [potion of beneficial mutation]
  3871 | D:4      | Noticed a phantom
  3966 | D:4      | Killed a phantom
  3966 | D:4      | Reached skill level 5 in Conjurations
  4220 | D:4      | Reached skill level 1 in Fire Magic
  4385 | D:5      | Acquired Sif Muna's first power
  4560 | D:5      | Reached skill level 1 in Shields
  4560 | D:5      | Reached XP level 7. HP: 41/41 MP: 11/11
  4713 | D:5      | Found a staircase to the Ecumenical Temple.
  4726 | D:5      | HP: 2/41 [poisoned by kobold (curare-tipped needle)]
  4731 | D:5      | HP: 1/41 [poisoned by kobold (curare-tipped needle)]
  6837 | D:4      | Noticed a big kobold
  6847 | D:4      | Killed a big kobold
  7208 | D:3      | Killed 4thArraOfDagon's ghost
  7305 | D:3      | Reached skill level 5 in Shields
  7305 | D:3      | Reached XP level 8. HP: 46/46 MP: 10/12
  7801 | D:6      | Learned a level 3 spell: Mephitic Cloud
  8129 | D:7      | HP: 1/46 [killer bee (7)]
  8131 | D:7      | Mangled by a killer bee

Vault maps used:
D:1:      matt_arrival_refuge
D:2:      grunt_temple_overflow_open, first_bread, ecumenical_altar_1
D:3:      vehumet_crystals, lightli_sewer_entry_pipes
D:4:      kennysheep_kobold_camp
D:5:      minmay_temple_entry_water_ring
D:7:      nicolae_gozag_seed_capital, serial_shops, shop

Action                   |  1- 3 |  4- 6 |  7- 9 || total
-------------------------+-------+-------+-------++-------
Melee: Dagger            |    39 |    80 |    58 ||   177
 Cast: Magic Dart        |    52 |   145 |   131 ||   328
       Repel Missiles    |     1 |       |       ||     1
       Conjure Flame     |       |     4 |     6 ||    10
       Call Imp          |       |     1 |       ||     1
  Use: Scroll            |     3 |     3 |     2 ||     8
       Potion            |       |     2 |    11 ||    13
 Stab: Sleeping          |     6 |    11 |    16 ||    33
       Distracted        |       |     1 |       ||     1
  Eat: Chunk             |     1 |    11 |     8 ||    20
       Beef jerky        |       |       |     1 ||     1
       Royal jelly       |       |       |     1 ||     1
